 Dungeon Crawl Stone Soup version 0.27.1-2-g3b301248ec (console) character file.

Game seed: 14899179211055667464

163 Banquo the Skirmisher (level 5, 0/41 HPs)
             Began as a Djinni Artificer on Oct 3, 2021.
             Slain by an orc (4 damage)
             ... on level 2 of the Dungeon.
             The game lasted 00:16:23 (5568 turns).

Banquo the Skirmisher (Djinni Artificer)            Turns: 5568, Time: 00:16:24

Health: 0/41       AC:  4    Str: 11    XL:     5   Next: 72%
Gold:   119        EV: 11    Int: 20    God:
                   SH:  0    Dex: 13

rFire    + + .     SeeInvis .   j - +0 spear
rCold    x . .     Faith    .   (no shield)
rNeg     . . .     Spirit   .   b - +0 leather armour
rPois    ∞         Reflect  .   h - +0 helmet
rElec    .         Harm     .   (no cloak)
rCorr    .         Rampage  .   (no gloves)
Will     .....                  (boots unavailable)
Stlth    +.........             (no amulet)
HPRegen  0.13/turn              o - +6 ring of intelligence
MPRegen  0.00/turn              (no ring)

@: flying
A: sickness immunity, fire resistance 2, cold vulnerability 1, float, innate
caster, hp casting, extra vitality 1
a: no special abilities


You were on level 2 of the Dungeon.
You visited 1 branch of the dungeon, and saw 4 of its levels.

You collected 119 gold pieces.

Inventory:

Hand Weapons
 a - a +1 club
 g - a +0 mace
 j - a +0 spear (weapon)
 q - a +0 short sword
Missiles
 l - 88 stones
 t - 7 silver boomerangs
Armour
 b - a +0 leather armour (worn)
 h - a +0 helmet (worn)
Jewellery
 o - a +6 ring of intelligence (left hand)
Wands
 c - a wand of flame (14) (quivered)
 d - a wand of charming (14)
Scrolls
 x - 2 scrolls of summoning
Potions
 f - 2 potions of brilliance
 i - a potion of attraction
 r - 2 potions of curing {unknown}
 u - a potion of berserk rage
 w - a potion of resistance
Miscellaneous
 e - a piece from Xom's chessboard (15/15)


   Skills:
 + Level 4.1 Fighting
 - Level 1.0 Armour
 - Level 2.1 Dodging
 - Level 0.7 Stealth
 * Level 2.0 Spellcasting
 - Level 3.0 Evocations


You had 5 spell levels left.
You knew the following spells:

 Your Spells              Type           Power      Damage    Failure   Level
a - Animate Skeleton      Necr           20%        N/A       9%          1
B - Blink                 Tloc           N/A        N/A       13%         2
Your spell library was empty.

Dungeon Overview and Level Annotations

Branches:
Dungeon (4/15)
 Temple: D:4-7

Altars:
Hepliaklqana
Makhleb
Qazlal

Shops:
D:1 ?*

Annotations:
D:3 Grinder


Innate Abilities, Weirdness & Mutations

You are immune to sickness and miasma.
You are immune to poison.
Your flesh is very heat resistant. (rF++)
You are vulnerable to cold. (rC-)
You float through the air rather than walking.
You learn spells naturally, not from books.
Your magical power is your life essence.
You have superior vitality. (+4 HP)


Message History

The orc is heavily wounded.
The orc hits you but does no damage. The orc closely misses you. x2
You hit the orc.
The orc is heavily wounded.
The orc hits you with a +0 flail! The orc misses you.
You are too injured to fight recklessly!
You are too injured to fight recklessly!
You are too injured to fight recklessly!
You are too injured to fight recklessly!
You are too injured to fight recklessly!
The orc misses you. The orc hits you with a +0 flail.
* * * LOW HITPOINT WARNING * * *
The orc hits you but does no damage.
Grinder shouts!
Grinder grins, showing sharp teeth.
Grinder gestures at you.
You suddenly lose the ability to move!
The orc hits you with a +0 club.
* * * LOW HITPOINT WARNING * * *
You can move again.
Unknown command.
Grinder says, "DUCK!"
You see here a +0 mace.
Grinder says, "At least Makhleb appreciates what I'm doing."
There is a stone staircase leading up here.
The orc closely misses you.
You fly upwards.
There is a stone staircase leading down here.
You closely miss the orc.
The orc is heavily wounded.
The orc hits you but does no damage.
You completely miss the orc.
The orc is heavily wounded.
The orc hits you with a +0 flail!
* * * LOW HITPOINT WARNING * * *
You barely miss the orc.
The orc is heavily wounded.
The orc hits you with a +0 flail.
You die...

####.####.....[.###..
#.......#....>.......
#.##.##.#............
#.##.##.#............
#.##............###..
#.##.....#.#.##.# #..
#.##.........##.###..
#..o.....#........##.
####@...........#.##.
###.###<.#####.##.
################
#.###...........
.##............#
#......#####.###
.##.##########.#
#......#####.###
.##.# #.#
#..._...)....##^
....# #.#
##......#######.
.#### #.# #......##
#. .# #.# ####....#
#.


You could see an orc.

Vanquished Creatures
  An orc priest (D:3)
  4 adders
  4 worms (D:2)
  2 dart slugs
  4 orcs
  7 bats
  4 endoplasms
  2 giant cockroaches (D:1)
  7 goblins
  5 hobgoblins
  4 kobolds
  3 quokkas
  6 ball pythons
  5 frilled lizards
  3 rats
61 creatures vanquished.

Vanquished Creatures (collateral kills)
  3 gnolls (D:2)
3 creatures vanquished.

Vanquished Creatures (others)
  A plant (D:1)
1 creature vanquished.

Grand Total: 65 creatures vanquished

Notes
Turn   | Place    | Note
-------+----------+-------------------------------------------
     0 | D:1      | Banquo the Djinni Artificer began the quest for the Orb.
     0 | D:1      | Reached XP level 1. HP: 17/17 MP: 0/0
   400 | D:1      | Reached XP level 2. HP: 11/22 MP: 0/0
   776 | D:1      | Found Meewk's General Store.
   939 | D:1      | Reached skill level 1 in Spellcasting
  1193 | D:1      | Found Ceinaukh's Magic Scroll Shop.
  1204 | D:1      | Reached XP level 3. HP: 28/28 MP: 0/0
  1204 | D:1      | Learned a level 1 spell: Animate Skeleton
  1235 | D:1      | Reached skill level 2 in Fighting
  1505 | D:2      | Found a stormy altar of Qazlal.
  2720 | D:2      | Reached XP level 4. HP: 34/34 MP: 0/0
  2740 | D:2      | Found a faded altar of an unknown god.
  3400 | D:3      | Reached skill level 3 in Fighting
  3579 | D:3      | Noticed Grinder
  3862 | D:3      | Reached XP level 5. HP: 26/40 MP: 0/0
  3862 | D:3      | Learned a level 2 spell: Blink
  4356 | D:2      | Found a stormy altar of Qazlal.
  4623 | D:2      | Found a faded altar of an unknown god.
  4982 | D:3      | Found a burning altar of Makhleb.
  5295 | D:3      | Reached skill level 4 in Fighting
  5485 | D:3      | Found a hazy altar of Hepliaklqana.
  5556 | D:3      | Paralysed by Grinder for 2 turns
  5568 | D:2      | Slain by an orc

Illustrated notes

Levels and vault maps discovered:
D:1:      denvon_arrival_planthouse, layout_basic, serial_shops,
          nicolae_square_shop, nicolae_diamond_shop
D:2:      layout_loops_cross, hellmonk_ecumenical_altar_heavens_door,
          basic_altar, chequers_serial_rivers_micro_d, minmay_crystal_water,
          minmay_distorted
D:3:      layout_rooms, worldfamousw_hep_ancestral_shrine,
          lightli_temple_of_fire, st_stairs_5, uniq_grinder
D:4:      layout_basic, overflow_temple_1_default, zin_academy, temple_doors_cd,
          minivault_27

Skill      XL: |  1  2  3  4  5 |
---------------+----------------+-----
Spellcasting   | 1 2 |  2.0
Fighting       | 2 3 4 |  4.1
Armour         | |  1.0
Dodging        | |  2.1
Stealth        | |  0.7
Evocations     | |  3.0

Action                   |  1- 3 |  4- 6 || total
-------------------------+-------+-------++-------
Melee: Mace              |    10 |       ||    10
       Spear             |   167 |   189 ||   356
 Cast: Animate Skeleton  |       |     2 ||     2
Evoke: Wand              |       |     2 ||     2
  Use: Scroll            |       |    10 ||    10
 Stab: Sleeping          |     3 |     3 ||     6
Armor: Leather armour    |   114 |    50 ||   164
Dodge: Dodged            |   151 |    98 ||   249
